 Dungeon Crawl Stone Soup version 0.19.5 (webtiles) character file.

93 NullDivider the Sneak (level 4, -1/21 HPs)
             Began as a Felid Monk on Apr 23, 2017.
             Slain by a jackal (3 damage)
             ... on level 4 of the Dungeon.
             The game lasted 00:14:01 (4379 turns).

NullDivider the Sneak (Felid Monk)                  Turns: 4379, Time: 00:14:02

Health: -1/21      AC:  1    Str:  7    XL:     4   Next: 37%
Magic:  5/5        EV: 20    Int: 11    God:
Gold:   213        SH:  0    Dex: 19    Spells: 0 memorised, 3 levels left
                                        Lives:  0   Deaths: 1

rFire  . . .     SeeInvis +       - Unarmed
rCold  . . .     Gourm    .     (armour unavailable)
rNeg   . . .     Faith    .     (shield unavailable)
rPois  .         Spirit   .     (helmet unavailable)
rElec  .         Reflect  .     (cloak unavailable)
rCorr  .         Harm     .     (gloves unavailable)
MR     .....                    (boots unavailable)
Stlth  ++++......               (no amulet)
                                (no ring)
                                (no ring)

@: quick
A: no armour, no weapons or thrown items, stealth, claws 1, fangs 3, see
invisible, carnivore 3, speed 1, shaggy fur 1, slow metabolism 1, sharp paws
a: no special abilities


You were on level 4 of the Dungeon.
You were not hungry.

You visited 1 branch of the dungeon, and saw 4 of its levels.

You collected 213 gold pieces.

Inventory:

Jewellery
 e - an uncursed amulet of the gourmand
 f - an uncursed amulet of faith
 p - an uncursed ring of ice
Wands
 g - a wand of iceblast (3/15)
Scrolls
 c - a scroll of teleportation
 d - a scroll of blinking
 j - a scroll of noise {unknown}
 l - a scroll of fog {unknown}
 o - 2 scrolls of remove curse
 r - a scroll of amnesia {unknown}
Potions
 b - a potion of curing
 h - 3 potions of degeneration {unknown}
 k - 2 potions of cancellation {unknown}
 q - 2 potions of ambrosia {unknown}
 s - 2 potions of heal wounds
Comestibles
 a - 4 meat rations
 i - a slice of pizza


   Skills:
 + Level 3.6 Fighting
 + Level 4.6 Dodging
 * Level 5.5 Stealth
 + Level 3.9 Unarmed Combat


You had 3 spell levels left.
You didn't know any spells.

Dungeon Overview and Level Annotations

Branches:
Dungeon (4/15)
 Temple: D:4-7

Altars:

Annotations:
D:3 EvilAshe's ghost, amateur KoHu


Innate Abilities, Weirdness & Mutations

You cannot wear armour.
You are incapable of wielding weapons or throwing items.
Your paws allow you to move quietly. (Stealth)
You have sharp claws.
You have razor-sharp teeth.
You have supernaturally acute eyesight. (SInv)
You are carnivorous and can eat meat at any time.
You cover ground quickly.
You are covered in fur. (AC +1)
You have a slow metabolism.
Your sharp claws are effective at attacking unaware monsters.


Message History

You kill the orc!
You barely miss the orc. The orc closely misses you.
You closely miss the orc. The orc hits you with a club.
* * * LOW HITPOINT WARNING * * *
You scratch the orc. You bite the orc.
The orc is almost dead.
The orc closely misses you.
You completely miss the orc.
The orc is almost dead.
The orc misses you.
You scratch the orc.
You kill the orc!
You barely miss the jackal. You bite the jackal, but do no damage.
The jackal completely misses you.
The orc priest miscasts a cantrip.
You scratch the jackal but do no damage.
You bite the jackal.
The jackal is moderately wounded.
The jackal bites you.
You die...

.# .##+##.. .# .# ......##. ..
.## ..(..#. ... ..## ..... ..#
#<.# #.#.# #..####. ##.#
#.#.###......# #†# #
#..........#.#
#l#####....##o####............
.#.............h@...........#
...#.....##...######........#
..###....#.. #........# .#
###.# #........# . ..
#........# . # #........#
#........##### #.............
.........######


You could see an orc priest and a jackal.

Vanquished Creatures
  A worker ant (D:4)
  5 adders
  A worm (D:2)
  2 dart slugs (D:3)
  4 leopard geckos
  8 orcs
  3 giant cockroaches
  7 goblins
  6 hobgoblins
  2 jackals (D:4)
  3 quokkas
  A ball python (D:1)
  10 bats
  2 frilled lizards (D:3)
  8 kobolds
  8 rats
71 creatures vanquished.

Vanquished Creatures (others)
  A rat (D:1)
1 creature vanquished.

Grand Total: 72 creatures vanquished

Notes
Turn   | Place    | Note
-------+----------+-------------------------------------------
     0 | D:1      | NullDivider the Felid Monk began the quest for the Orb.
     0 | D:1      | Reached XP level 1. HP: 10/10 MP: 2/2
   182 | D:1      | Reached XP level 2. HP: 14/14 MP: 3/3
   498 | D:1      | Reached skill level 3 in Stealth
  1468 | D:2      | Reached XP level 3. HP: 17/17 MP: 4/4
  2375 | D:2      | Reached skill level 4 in Stealth
  2510 | D:2      | Reached XP level 4. HP: 21/21 MP: 5/5
  2790 | D:3      | Noticed EvilAshe's ghost (amateur KoHu)
  3111 | D:3      | HP: 1/21 [orc/flail (3)]
  3413 | D:3      | Reached skill level 5 in Stealth
  4332 | D:4      | Slain by an iguana
  4333 | D:4      | Reached XP level 3. HP: 0/17 MP: 4/4
  4344 | D:4      | Reached XP level 4. HP: 15/21 MP: 5/5
  4379 | D:4      | Slain by a jackal

Skill      XL: |  1  2  3  4 |
---------------+-------------+-----
Stealth        | 3 4 5 |  5.5
Fighting       | |  3.6
Dodging        | |  4.6
Unarmed Combat | |  3.9

Action                   |  1- 3 |  4- 6 || total
-------------------------+-------+-------++-------
Melee: Unarmed           |   102 |   105 ||   207
       Bite              |     6 |    11 ||    17
       Punch             |       |     1 ||     1
  Use: Scroll            |     3 |     5 ||     8
       Potion            |       |     2 ||     2
 Stab: Sleeping          |    16 |     8 ||    24
       Distracted        |       |     1 ||     1
  Eat: Chunk             |     8 |     3 ||    11
Armor: Skin              |     3 |     2 ||     5
Dodge: Dodged            |    76 |    62 ||   138
